 Dungeon Crawl Stone Soup version 0.27-a0-1242-ge70438ac7b (webtiles) character file.

Game seed: 11366897241611709614

102 EiAlmux the Grave Robber (level 4, 0/30 HPs)
             Began as a Demonspawn Necromancer on June 9, 2021.
             Slain by an iguana (14 damage)
             ... on level 4 of the Dungeon.
             The game lasted 00:06:49 (4349 turns).

EiAlmux the Grave Robber (Demonspawn Necromancer)   Turns: 4349, Time: 00:06:49

Health: 0/30       AC:  3    Str:  8    XL:     4   Next: 49%
Magic:  2/8        EV: 17    Int: 17    God:
Gold:   117        SH:  4    Dex: 14    Spells: 4/9 levels left

rFire    . . .     SeeInvis .   l - +4 mace
rCold    . . .     Faith    .   (no shield)
rNeg     . . .     Spirit   .   a - +0 robe
rPois    .         Reflect  .   i - +0 helmet
rElec    .         Harm     .   (no cloak)
rCorr    .         Rampage  .   (no gloves)
Will     .....                  (no boots)
Stlth    ++........             (no amulet)
HPRegen  0.10/turn              (no ring)
MPRegen  0.11/turn              (no ring)

@: agile, very slightly contaminated
A: large bone plates 1, powered by pain 1
a: no special abilities


You were on level 4 of the Dungeon.
You visited 1 branch of the dungeon, and saw 4 of its levels.

You collected 117 gold pieces.

Inventory:

Hand Weapons
 e - a +0 dagger
 l - a +4 mace (weapon)
Missiles
 d - 94 stones
Armour
 a - a +0 robe (worn)
 i - a +0 helmet (worn)
Scrolls
 b - a scroll of enchant weapon {unknown}
 f - 2 scrolls of identify {unknown}
 g - a scroll of torment {unknown}
 h - a scroll of enchant armour {unknown}
 j - a scroll of fog {unknown}
 m - a scroll of teleportation {unknown}
Potions
 c - a potion of heal wounds {unknown}
 k - 2 potions of mutation {unknown}
 n - a potion of curing {unknown}


   Skills:
 - Level 1.7 Dodging
 + Level 3.0 Stealth
 + Level 3.0 Spellcasting
 + Level 5.1 Necromancy


You had 4 spell levels left.
You knew the following spells:

 Your Spells              Type           Power      Damage    Failure   Level
a - Pain                  Necr           80%        1d8       1%          1
b - Animate Skeleton      Necr           40%        N/A       1%          1
c - Vampiric Draining     Necr           10%        2d7       6%          3

Your spell library contained the following spells:

 Spells                   Type           Power      Damage    Failure   Level
 Animate Dead             Necr           10%        N/A       21%         4
 Agony                    Necr           20%        N/A       50%         5


Dungeon Overview and Level Annotations

Branches:
Dungeon (4/15)
 Temple: D:4-7

Altars:
Dithmenos
Ru

Shops:
D:2 =

Annotations:
D:3 exclusion: steam dragon, Grinder, Sigmund


Innate Abilities, Weirdness & Mutations

You are partially covered in large bone plates. (SH +4)
You sometimes gain a little power by taking damage.


Message History

You see here a +0 dagger.
You see here 19 arrows.
You see here 19 arrows.
You see here a +0 dagger.
A rat comes into view.
Found 27 arrows.
A rat is nearby!
Found a chain mail.
Found 22 bolts.
The rat writhes in agony.
You kill the rat!
You see here a rat corpse.
Found a shadowy altar of Dithmenos.
You see here 22 bolts.
Found a stone staircase leading up.
n - a grey potion Sigmund the Dreaded comes into view.
He is wielding a +0 scythe and wearing a +2 robe of willpower.
Press: ? - help, v - describe, . - travel
Here: Sigmund, wielding a +0 scythe and wearing a +2 robe of willpower (asleep)
The floor.
Placed new exclusion.
There is a stone staircase leading down here.
You climb downwards.
An iguana comes into view.
There is a stone staircase leading up here.
The iguana hisses angrily.
The iguana writhes in agony.
The iguana writhes in agony!
The iguana writhes in agony.
The iguana bites you!
You focus on the pain.
You feel agile all of a sudden.
You are too injured to fight recklessly!
Casting: Pain (safe; 1% risk of failure)
Confirm with . or Enter, or press ? or * to list all spells.
Aiming: Vampiric Draining (dangerous; 6% risk of failure)
Press: ? - help, Shift-Dir - straight line, f/p - iguana
Aim: an iguana (almost dead)
You miscast Vampiric Draining.
You are very lightly contaminated with residual magic.
Nothing appears to happen.
The iguana bites you!
You die... ########## #...@l...# #.######.#

You could see an iguana.

Vanquished Creatures
  5 adders
  2 worms (D:2)
  8 endoplasms
  2 giant cockroaches
  5 goblins
  5 hobgoblins
  4 kobolds
  5 ball pythons
  7 bats
  4 frilled lizards
  4 rats
51 creatures vanquished.

Notes
Turn   | Place    | Note
-------+----------+-------------------------------------------
     0 | D:1      | EiAlmux the Demonspawn Necromancer began the quest for the
                  | Orb.
     0 | D:1      | Reached XP level 1. HP: 13/13 MP: 3/3
     2 | D:1      | Learned a level 1 spell: Animate Skeleton
   250 | D:1      | Found a faded altar of an unknown god.
   565 | D:1      | Gained mutation: You are partially covered in large bone
                  | plates. (SH +4) [demonic ancestry]
   565 | D:1      | Reached XP level 2. HP: 16/19 MP: 1/5
  1647 | D:2      | Reached XP level 3. HP: 18/24 MP: 0/6
  2433 | D:2      | Learned a level 3 spell: Vampiric Draining
  2809 | D:2      | Reached skill level 5 in Necromancy
  2883 | D:2      | Gained mutation: You sometimes gain a little power by
                  | taking damage. [demonic ancestry]
  2883 | D:2      | Reached XP level 4. HP: 29/30 MP: 6/8
  3049 | D:2      | Found Hicimag's Jewellery Shop.
  3633 | D:3      | Noticed Grinder
  3750 | D:3      | Noticed a steam dragon
  3880 | D:4      | Found a sacrificial altar of Ru.
  3895 | D:4      | Noticed a necrophage
  4213 | D:3      | Found a shadowy altar of Dithmenos.
  4266 | D:3      | Noticed Sigmund
  4349 | D:4      | Slain by an iguana

Illustrated notes

Levels and vault maps discovered:
D:1:      dpeg_arrival_erosion, layout_basic, hellmonk_ecumenical_altar_run_dry
D:2:      minmay_recursive_quarters, layout_basic, serial_shops, shop
D:3:      layout_loops_ring, overflow_temple_1_default, uniq_sigmund,
          uniq_grinder
D:4:      layout_basic, nicolae_ru_the_path_less_chosen, minivault_1,
          minmay_circle_x

Skill      XL: |  1  2  3  4 |
---------------+-------------+-----
Stealth        | 2 3 |  3.0
Necromancy     | 5 |  5.1
Spellcasting   | 3 |  3.0
Dodging        | |  1.7

Action                   |  1- 3 |  4- 6 || total
-------------------------+-------+-------++-------
Melee: Unarmed           |     4 |       ||     4
       Dagger            |    11 |       ||    11
 Cast: Pain              |    82 |    40 ||   122
       Vampiric Draining |     1 |       ||     1
Armor: Robe              |     9 |     3 ||    12
Dodge: Dodged            |    28 |     6 ||    34
Block: Other             |     7 |       ||     7

Table legend: (Time is in decaauts)
 A = Elapsed time spent in this place.
 B = Non-inter-level travel time spent in this place.
 C = Inter-level travel time spent in this place.
 D = Time resting spent in this place.
 E = Time spent auto-exploring this place.
 F = Levels seen in this place.
 G = Mean time per level.
                   A        B        C        D        E       F      G
               +--------+--------+--------+--------+--------+-----+--------+
         Total |   4349 |   4106 |    243 |    392 |   3245 |   4 | 1087.2 |
       Dungeon |   4349 |   4106 |    243 |    392 |   3245 |   4 | 1087.2 |
               +--------+--------+--------+--------+--------+-----+--------+

Top non-repeatable levels by time:
     D:1: 1743 daAuts
     D:2: 1587 daAuts
     D:3: 873 daAuts
     D:4: 145 daAuts
